 Dungeon Crawl Stone Soup version 0.28.0-43-g3370ac3207 (webtiles) character file.

Game seed: 13821678475124538062

3369 pkoi the Martial Artist (level 9, -16/73 HPs)
             Began as a Demigod Gladiator on Mar 28, 2022.
             Demolished by a two-headed ogre
             ... wielding a +0 giant club
              (19 damage)
             ... on level 9 of the Dungeon.
             The game lasted 00:11:51 (13229 turns).

pkoi the Martial Artist (Demigod Gladiator)        Turns: 13229, Time: 00:11:52

Health: -16/73     AC:  6    Str: 19    XL:     9   Next: 45%
Magic:  16/16      EV: 19    Int: 14    God:
Gold:   370        SH:  0    Dex: 19    Spells: 2/13 levels left

rFire   . . .      SeeInvis .     - Unarmed
rCold   . . .      Faith    .   (no shield)
rNeg    . . .      Spirit   .   a - +0 leather armour
rPois   .          Reflect  .   b - +0 helmet
rElec   .          Harm     .   (no cloak)
rCorr   .          Rampage  .   (no gloves)
Will    .....                   n - +1 pair of boots
Stlth   +.........              A - amulet of the acrobat
HPRegen 0.22/turn               z - +4 ring of evasion
MPRegen 0.15/turn               s - +4 ring of slaying

@: no status effects
A: high MP 1, forlorn, divine attributes
a: no special abilities


You were on level 9 of the Dungeon.
You visited 1 branch of the dungeon, and saw 9 of its levels.

You collected 508 gold pieces.
You spent 138 gold pieces at shops.

Inventory:

Hand Weapons
 i - a +0 dagger
 k - a +2 short sword of venom
 B - a +2 dagger of venom
Missiles
 c - 5 throwing nets (quivered)
Armour
 a - a +0 leather armour (worn)
 b - a +0 helmet (worn)
 n - a +1 pair of boots (worn)
Jewellery
 h - a ring of resist corrosion
 j - a ring of willpower
 s - a +4 ring of slaying (right hand)
 z - a +4 ring of evasion (left hand)
 A - an amulet of the acrobat (around neck)
 C - a ring of protection from fire
Wands
 d - a wand of iceblast (10)
 o - a wand of polymorph (8)
 x - a wand of digging (5)
Scrolls
 e - a scroll of blinking
 q - a scroll of fear
 r - 2 scrolls of teleportation
 v - a scroll of enchant armour
 w - a scroll of enchant weapon
 y - 3 scrolls of magic mapping
Potions
 f - a potion of brilliance
 g - a potion of magic
 l - 6 potions of curing {unknown}
 m - a potion of attraction
 p - 2 potions of cancellation {unknown}
 t - 2 potions of invisibility
 u - 3 potions of heal wounds {unknown}


   Skills:
 + Level 4.9 Fighting
 - Level 1.7 Throwing
 + Level 5.4 Dodging
 * Level 9.1 Unarmed Combat
 + Level 2.7 Spellcasting
 + Level 1.9 Hexes
 + Level 2.8 Summonings
 - Level 3.0 Translocations
 + Level 1.7 Ice Magic


You had 2 spell levels left.
You knew the following spells:

 Your Spells              Type           Power      Damage    Failure   Level
a - Apportation           Tloc           20%        N/A       8%          1
b - Call Canine Familiar  Summ           9%         N/A       24%         3
c - Summon Guardian Gole  Hex/Summ       8%         N/A       30%         3
d - Summon Ice Beast      Ice/Summ       8%         N/A       71%         4

Your spell library contained the following spells:

 Spells                   Type           Power      Damage    Failure   Level
 Summon Small Mammal      Summ           36%        N/A       9%          1
 Animate Skeleton         Necr           2%         N/A       26%         1
 Static Discharge         Conj/Air       1%         N/A       36%         2
 Gell's Gravitas          Tloc           10%        N/A       22%         3
 Teleport Other           Tloc           10%        N/A       22%         3
 Frozen Ramparts          Ice            12%        1d3       36%         3
 Animate Armour           Summ/Erth      10%        N/A       82%         4
 Ice Form                 Ice/Tmut       4%         N/A       88%         4
 Dispel Undead            Necr           1%         3d6       95%         4
 Sticky Flame             Conj/Fire      1%         2d3       95%         4
 Blade Hands              Tmut           0%         N/A       100%        5
 Fireball                 Conj/Fire      0%         3d3       100%        5
 Dispersal                Tloc           5%         N/A       100%        6
 Iron Shot                Conj/Erth      0%         9d1       100%        6
 Starburst                Conj/Fire      0%         6d3       100%        6
 Ignition                 Fire           0%         3d3       100%        8


Dungeon Overview and Level Annotations

Branches:
Dungeon (9/15)             Temple (0/1) D:6
   Lair: D:8-11         Orc: D:9-12

Shops:
D:5 [   D:7 =   D:8 (?


Innate Abilities, Weirdness & Mutations

You have an increased reservoir of magic. (+10% MP)
You shall have no god before yourself.
Your divine heritage dramatically boosts your attributes as you level up.


Message History

The two-headed ogre hits you with a +0 giant club!!
* * * LOW HITPOINT WARNING * * *
The two-headed ogre barely misses you.
Unknown command.
You hit the two-headed ogre.
The two-headed ogre is moderately wounded.
Unknown command.
You barely miss the two-headed ogre.
The two-headed ogre is moderately wounded.
The two-headed ogre completely misses you.
The two-headed ogre misses you.
Unknown command.
You punch the two-headed ogre!
The two-headed ogre is heavily wounded.
The two-headed ogre barely misses you.
The two-headed ogre completely misses you.
Unknown command.
You hit the two-headed ogre.
The two-headed ogre is heavily wounded.
Unknown command.
You hit the two-headed ogre.
The two-headed ogre is severely wounded.
The two-headed ogre hits you with a +0 giant club!!
* * * LOW HITPOINT WARNING * * *
The two-headed ogre closely misses you.
Unknown command.
You hit the two-headed ogre.
The two-headed ogre is severely wounded.
Unknown command.
You barely miss the two-headed ogre.
The two-headed ogre is severely wounded.
The two-headed ogre barely misses you.
The two-headed ogre hits you with a +0 giant club!
* * * LOW HITPOINT WARNING * * *
Unknown command.
You punch the two-headed ogre!
The two-headed ogre is almost dead.
The two-headed ogre barely misses you.
The two-headed ogre hits you with a +0 giant club!!
You die...

### #### ##.#
##..######### #...
#....##..##.## ####...
####[.....@O#..###
##..#...
#..<.#.....#.....#
#...#...
#...####...##....##
##...... #....
#.#####....# ##.....#
##...
##..###.....###......#
.....
#....#......##........
....#.
##...........#....#...
...#...
#................#...
####...
#....##.##...........


You could see a two-headed ogre.

Vanquished Creatures
  2 slime creatures (D:6)
  A water moccasin (D:6)
  A hornet zombie (D:8)
  An ice beast (D:6)
  2 orc warriors
  A necrophage (D:5)
  A black bear (D:7)
  4 ogres
  3 centaurs
  2 phantoms (D:5)
  A kobold brigand (D:6)
  5 bullfrogs
  A scorpion (D:2)
  A water moccasin zombie (D:6)
  7 killer bees (D:8)
  A centaur zombie (D:8)
  3 hounds
  An orc priest (D:6)
  7 jellies
  A gnoll shaman (D:8)
  2 iguanas
  2 orc wizards
  A hound zombie (D:3)
  2 hound skeletons (D:4)
  7 gnolls
  8 adders
  3 white imps
  2 ufetubi (D:5)
  2 adder zombies (D:3)
  An adder skeleton (D:5)
  3 worms
  18 orcs
  5 bats
  11 endoplasms
  3 giant cockroaches
  9 goblins
  6 hobgoblins
  2 jackals (D:1)
  15 kobolds
  3 quokkas
  6 ball pythons
  4 frilled lizards
  A jackal zombie (D:3)
  4 rats (D:1)
166 creatures vanquished.

Vanquished Creatures (others)
  A shadow (D:8)
  A floating eye (shapeshifter) (D:8)
  7 fungi (D:6)
  8 toadstools (D:6)
17 creatures vanquished.

Grand Total: 183 creatures vanquished

Notes
Turn   | Place    | Note
-------+----------+-------------------------------------------
     0 | D:1      | pkoi the Demigod Gladiator began the quest for the Orb.
     0 | D:1      | Reached XP level 1. HP: 17/17 MP: 3/3
    74 | D:1      | Reached skill level 3 in Unarmed Combat
   255 | D:1      | Reached XP level 2. HP: 20/24 MP: 4/4
  1260 | D:1      | Reached XP level 3. HP: 29/29 MP: 5/5
  1662 | D:2      | Reached skill level 4 in Unarmed Combat
  1870 | D:2      | Noticed a scorpion
  1883 | D:2      | Killed a scorpion
  1884 | D:2      | Reached XP level 4. HP: 19/36 MP: 6/6
  2327 | D:2      | Reached skill level 5 in Unarmed Combat
  3429 | D:3      | Noticed a bullfrog
  3437 | D:3      | Killed a bullfrog
  3438 | D:3      | Reached XP level 5. HP: 28/41 MP: 7/7
  4036 | D:3      | Reached skill level 6 in Unarmed Combat
  4353 | D:4      | Noticed an ogre
  4366 | D:4      | Killed an ogre
  4367 | D:4      | Reached XP level 6. HP: 47/48 MP: 8/8
  4626 | D:4      | Learned a level 1 spell: Apportation
  5874 | D:5      | Entered Level 5 of the Dungeon
  6325 | D:5      | Reached XP level 7. HP: 51/56 MP: 9/9
  6465 | D:5      | Found Ibietagy's Armour Shoppe.
  6501 | D:5      | Reached skill level 7 in Unarmed Combat
  8162 | D:6      | Learned a level 3 spell: Call Canine Familiar
  8202 | D:6      | Reached XP level 8. HP: 65/66 MP: 9/11
  8255 | D:6      | Reached skill level 8 in Unarmed Combat
  8377 | D:6      | Noticed a slime creature
  8390 | D:6      | Killed a slime creature
  8391 | D:6      | Reached skill level 1 in Spellcasting
  8391 | D:6      | Reached skill level 1 in Summonings
  8391 | D:6      | Reached skill level 1 in Translocations
  9232 | D:6      | Noticed a slime creature
  9248 | D:6      | Killed a slime creature
  9724 | D:6      | Reached skill level 5 in Dodging
  9869 | D:6      | Learned a level 3 spell: Summon Guardian Golem
  9874 | D:6      | Learned a level 4 spell: Summon Ice Beast
  9915 | D:6      | Found a staircase to the Ecumenical Temple.
 10211 | D:7      | Found Jemaac's Jewellery Boutique.
 10288 | D:7      | Reached XP level 9. HP: 67/72 MP: 15/15
 10529 | D:7      | Identified the +3 scythe of Vuyconne {venom, rF+ rN+
                  | Stlth+}
 10912 | D:7      | Reached skill level 1 in Hexes
 10912 | D:7      | Reached skill level 1 in Ice Magic
 11502 | D:8      | Found Zoeniul's Magic Scroll Shoppe.
 11530 | D:8      | Reached skill level 9 in Unarmed Combat
 11854 | D:8      | Bought a scroll of blinking for 90 gold pieces
 11857 | D:8      | Found Vyamiunku's Antique Weapon Shoppe.
 11866 | D:8      | Bought a scroll of identify for 24 gold pieces
 11866 | D:8      | Bought a scroll of identify for 24 gold pieces
 11885 | D:8      | Noticed a two-headed ogre
 11885 | D:8      | Noticed a green ugly thing
 11885 | D:8      | Noticed a centaur warrior
 11985 | D:8      | Noticed a six-headed hydra
 11985 | D:8      | Noticed a guardian serpent
 11985 | D:8      | Noticed an efreet
 11986 | D:8      | Noticed a seven-headed hydra
 13190 | D:9      | Noticed a two-headed ogre
 13228 | D:9      | HP: 2/73 [two-headed ogre/+0 giant club (17)]
 13229 | D:9      | Demolished by a two-headed ogre

Illustrated notes

Levels and vault maps discovered:
D:1:      pf_arrival_petrified_forest, layout_basic
D:2:      layout_loops_corners, hangedman_decor_push, minmay_tromino_i4
D:3:      layout_rooms, general_overflow_altar,
          nicolae_yredelemnul_corpse_copse, nicolae_figureground_pulse
D:4:      layout_loops_ring, kennysheep_little_box,
          gammafunk_temple_overflow_elements, serial_co_window_serial,
          co_window_paths_a, co_window_corner_a, co_window_corner_a,
          co_window_paths_a, co_window_of_opportunity_a, co_window_cross_1,
          co_window_of_opportunity_a, co_window_unsneaky_path_d,
          co_window_of_opportunity_c, co_window_broadway_a, co_window_sun,
          glass_columns_b, glass_columns_b
D:5:      layout_loops_ring, serial_shops, shop, minmay_pentangle
D:6:      cheibrodos_fertilizer, layout_basic,
          mainiacjoe_overflow_concentric_impassable,
          minmay_temple_entry_slanted, ebering_dispersal_statue_hall
D:7:      black_bear_nest_1, layout_basic, serial_shops, nicolae_shop_crystal,
          minmay_curled_crystal
D:8:      layout_gridville, mainiacjoe_overflow_six_doors_small,
          chei_slow_surprise, serial_shops, shop, shop_fountains, minivault_12
D:9:      layout_cave_pools, hangedman_abyss_or_decor_lesser_grid

Skill      XL: |  1  2  3  4  5  6  7  8  9 |
---------------+----------------------------+-----
Unarmed Combat | 3 4 5 6 7 8 9 |  9.1
Fighting       | 2 3 4 |  4.9
Dodging        | 3 4 5 |  5.4
Spellcasting   | 2 |  2.7
Summonings     | 2 |  2.8
Translocations | 2 3 |  3.0
Hexes          | 1 |  1.9
Ice Magic      | 1 |  1.7
Throwing       | |  1.7

Action                   |  1- 3 |  4- 6 |  7- 9 || total
-------------------------+-------+-------+-------++-------
Melee: Unarmed           |   102 |    23 |   314 ||   439
       Punch             |     1 |    11 |    22 ||    34
       Short sword       |     4 |   157 |       ||   161
Evoke: Wand              |       |       |     2 ||     2
  Use: Scroll            |       |     7 |     8 ||    15
       Potion            |       |       |     1 ||     1
 Stab: Sleeping          |       |     3 |       ||     3
Armor: Leather armour    |    35 |    48 |    52 ||   135
Dodge: Dodged            |    63 |   115 |   255 ||   433
